 Dungeon Crawl Stone Soup version 0.22.1-1-ga44c0e5 (webtiles) character file.

63810 poirepourri the Severer (level 14, -15/138 HPs)
             Began as a Deep Dwarf Fighter on Oct 31, 2018.
             Was the Champion of Makhleb.
             Killed from afar by a fire dragon (38 damage)
             ... with a blast of flame
             ... on level 6 of the Lair of Beasts.
             The game lasted 00:20:33 (13867 turns).

poirepourri the Severer (Deep Dwarf Fighter)       Turns: 13867, Time: 00:20:34

Health: -15/138    AC: 10    Str: 19    XL:     14   Next: 69%
Magic:  0/4        EV: 10    Int: 17    God:    Makhleb [******]
Gold:   1065       SH: 15    Dex: 16    Spells: 13/13 levels left

rFire    x . .     SeeInvis +   B - +8 war axe (venom)
rCold    . . .     Gourm    .   c - +1 shield
rNeg     + . .     Faith    .   w - +3 ring mail of the Devil's Team {rF- Int+6}
rPois    +         Spirit   +   H - +0 hat {MR+}
rElec    .         Reflect  .   o - scarf {repulsion}
rCorr    .         Harm     .   u - +1 pair of gloves
MR       +++..                  (no boots)
Stlth    +.........             b - amulet of guardian spirit
HPRegen  0.00/turn              h - ring of poison resistance
MPRegen  0.09/turn              D - ring of see invisible

@: non-regenerating, repel missiles
A: damage resistance, heal wounds, negative energy resistance 1, sense
surroundings 2, no regeneration
a: Heal Wounds, Minor Destruction, Lesser Servant of Makhleb, Major Destruction,
Greater Servant of Makhleb, Renounce Religion


You were on level 6 of the Lair of Beasts.
You worshipped Makhleb.
Makhleb was exalted by your worship.
You were not hungry.

You visited 3 branches of the dungeon, and saw 19 of its levels.
You also visited: Volcano.

You collected 1785 gold pieces.
You spent 720 gold pieces at shops.

Inventory:

Hand Weapons
 B - a +8 war axe of venom (weapon)
Missiles
 e - 5 javelins (quivered)
 k - 140 bolts
Armour
 c - a +1 shield (worn)
 o - a scarf of repulsion (worn)
 u - a +1 pair of gloves (worn)
 w - the +3 ring mail of the Devil's Team (worn) {rF- Int+6}
   (You found it on level 6 of the Dungeon)

   It affects your intelligence (+6).
   It makes you vulnerable to fire.
 H - a +0 hat of magic resistance (worn)
 V - a +1 pair of boots of running
Jewellery
 b - an amulet of guardian spirit (around neck)
 h - a ring of poison resistance (left hand)
 D - a ring of see invisible (right hand)
Wands
 a - a wand of scattershot (5)
 d - a wand of random effects (47)
 q - a wand of polymorph (31)
 x - a wand of flame (13)
 A - a wand of paralysis (11)
 C - a wand of disintegration (10)
 I - a wand of enslavement (10)
 P - a wand of iceblast (5)
Scrolls
 i - 9 scrolls of remove curse
 l - 7 scrolls of identify
 p - 2 scrolls of blinking
 t - 6 scrolls of teleportation
 v - a scroll of magic mapping
 F - 2 scrolls of fog
Potions
 g - 2 potions of agility
 j - 5 potions of curing
 m - 5 potions of flight
 n - 3 potions of lignification
 r - 6 potions of haste
 s - 2 potions of resistance
 E - a potion of brilliance
 K - a potion of cancellation
 L - 3 potions of mutation
 T - 2 potions of berserk rage
 U - a potion of might
Miscellaneous
 G - a phantom mirror
Comestibles
 f - 30 rations


   Skills:
 - Level 12.1 Fighting
 - Level 18.0 Axes
 - Level 3.2 Armour
 - Level 15.5 Shields
 + Level 3.1 Evocations


You had 13 spell levels left.
You didn't know any spells.
Your spell library contained the following spells:

 Spells                   Type           Power        Failure   Level  Hunger
 Flame Tongue             Conj/Fire      #....        36%         1    ##.....
 Magic Dart               Conj           #...         36%         1    ##.....
 Shock                    Conj/Air       #...         36%         1    ##.....
 Sting                    Conj/Pois      #...         36%         1    ##.....
 Poisonous Vapours        Pois/Air       #.....       52%         2    ###....
 Searing Ray              Conj           #.....       52%         2    ###....
 Swiftness                Chrm/Air       #.......     52%         2    ###....
 Throw Flame              Conj/Fire      #.....       52%         2    ###....
 Conjure Flame            Conj/Fire      #.......     75%         3    ####...
 Dazzling Spray           Conj/Hex       #.....       75%         3    ####...
 Inner Flame              Hex/Fire       #.......     75%         3    ####...
 Mephitic Cloud           Conj/Pois/Air  #.......     75%         3    ####...
 Static Discharge         Conj/Air       #.......     75%         3    ####...
 Airstrike                Air            #.........   98%         4    #####..
 Force Lance              Conj/Tloc      #.......     98%         4    #####..
 Fulminant Prism          Conj/Hex       #.........   98%         4    #####..
 Iskenderun's Mystic Bla  Conj           #.......     98%         4    #####..
 Olgreb's Toxic Radiance  Pois           #.......     98%         4    #####..
 Sticky Flame             Conj/Fire      #.......     98%         4    #####..
 Fireball                 Conj/Fire      #.........   100%        5    ######.
 Lightning Bolt           Conj/Air       #.........   100%        5    ######.
 Venom Bolt               Conj/Pois      #.........   100%        5    ######.


Dungeon Overview and Level Annotations

Branches:
Dungeon (12/15)            Temple (1/1) D:7            Lair (6/6) D:10
 Shoals (0/4) Lair:4       Spider (0/4) Lair:4        Slime (0/5) Lair:5
    Orc (0/2) D:11

Altars:
Ashenzari
Cheibriados
Dithmenos
Elyvilon
Fedhas
Gozag
Hepliaklqana
Kikubaaqudgha
Makhleb
Nemelex Xobeh
Okawaru
Qazlal
Ru
Sif Muna
Trog
Uskayaw
Vehumet
Wu Jian
Xom
Yredelemnul
Zin
The Shining One
Jiyva

Shops:
D:12 }

Annotations:
D:6 1 runed door


Innate Abilities, Weirdness & Mutations

You are resistant to damage.
You can heal yourself by infusing magical energy.
You resist negative energy. (rN+)
You passively map the area around you.
You do not regenerate.


Message History

You block the fire dragon's attack. x2; The fire dragon misses you.
You feel much better. The fire dragon breathes flames at you.
The blast of flame hits you! The fire burns you terribly!
* * * LOW HITPOINT WARNING * * *
You hit the fire dragon.
The fire dragon is heavily wounded.
You slash the fire dragon!
The fire dragon is severely wounded.
The fire dragon closely misses you. The fire dragon barely misses you.
You block the fire dragon's attack.
You hit the fire dragon.
The fire dragon is severely wounded.
The fire dragon closely misses you. You block the fire dragon's attack.
The fire dragon tramples you but does no damage.
You closely miss the fire dragon.
The fire dragon is severely wounded.
The fire dragon breathes flames at you. The blast of flame hits you!
The fire burns you terribly!
You die...

...#**#≈#≈ ##........###≈§ *≈ #
...## #§≈≈##8..........# ≈ ≈≈
## ....# *#≈≈≈##.........## **
#. ##.## #≈§#...........8 * #.
### ###§≈.#.........##*≈≈* #.
#####8##..#........## ≈ #.
#8#8..#..###..≈..###≈≈ ##
##......≈.§≈..≈≈## ≈ *≈≈ #
####......#≈≈§≈§@≈≈# **≈≈ * *
#......†).≈≈.##D'##≈≈≈≈#*
......§.#≈≈.##....##≈≈##, 8*
......##≈§§.#......#≈≈#....,,
##....§...§≈#......#≈#......#
*##
##.......#§#......#§≈§.....# #.
##......#§#$$..$[#§≈§.....# #.
# #8.....##§##(:$[##≈≈#.....##
## #
##....).≈≈≈######≈§≈#......####


You could see a fire dragon.

Vanquished Creatures
  Gastronok (Lair:1)
  A centaur warrior (D:12)
  8 hydras
  4 two-headed ogres
  A queen ant (Lair:2)
  8 death yaks
  The ghost of dvd the Zephyrmancer, a novice TeAE of Vehumet (Lair:2)
  2 skeletal warriors (Volcano)
  An unseen horror (D:10)
  A lindwurm (Lair:6)
  An orb spider (Lair:4)
  An anaconda skeleton (Volcano)
  3 cyclopes
  An ugly thing (D:11)
  2 manticores (D:12)
  2 centaur zombies
  4 elephants (Lair:4)
  10 black mambas
  3 merfolk sirens (Lair:4)
  3 molten gargoyles (Lair:6)
  12 spiny frogs
  3 gargoyles (Volcano)
  A torpor snail (Lair:6)
  14 komodo dragons
  A rime drake (Lair:2)
  A hornet (D:12)
  A merfolk (Lair:4)
  2 trolls
  9 blink frogs
  A harpy skeleton (Volcano)
  6 slime creatures (D:12)
  A meliai zombie (D:12)
  9 dream sheep
  8 hippogriffs
  2 flying skulls (Volcano)
  18 yaks
  A spriggan (D:7)
  3 wyverns
  An alligator skeleton (Volcano)
  5 basilisks
  4 hungry ghosts
  3 steam dragons
  A two-headed ogre zombie (D:11)
  2 insubstantial wisps (D:8)
  13 soldier ants
  18 water moccasins
  3 hell hounds (Lair:6)
  7 porcupines
  A black bear (Lair:4)
  5 ogres
  2 sky beasts (D:8)
  8 orc warriors
  5 ice beasts
  A necrophage (D:8)
  3 phantoms
  11 wolves
  7 centaurs (D:11)
  11 crocodiles
  A big kobold (D:12)
  7 bullfrogs
  2 scorpions
  A troll zombie (D:11)
  A wyvern skeleton (D:9)
  21 killer bees
  2 spriggan skeletons (Volcano)
  6 howler monkeys
  10 wights
  2 electric eels
  3 crimson imps
  A bullfrog zombie (D:7)
  3 lava snakes (Lair:6)
  A quasit (D:7)
  8 hounds
  A jelly (D:7)
  21 orc wizards
  A gnoll shaman (D:7)
  7 orc priests
  2 bullfrog skeletons
  2 iguanas
  A centaur skeleton (D:2)
  30 worker ants
  6 ogre zombies (D:11)
  A hound skeleton (D:11)
  A worker ant zombie (D:6)
  9 gnolls
  18 adders
  A shadow imp (D:12)
  2 oozes
  3 adder zombies
  3 worms
  3 leopard geckos
  62 orcs
  7 bats
  10 goblins
  6 hobgoblins
  14 jackals
  11 kobolds
  6 quokkas
  3 ball pythons
  5 frilled lizards
  2 goblin zombies (D:11)
  3 hobgoblin skeletons (D:11)
  2 hobgoblin zombies (D:11)
  An orc skeleton (D:11)
  16 orc zombies (D:11)
  6 rats
  8 fungi
  12 plants
617 creatures vanquished.

Vanquished Creatures (others)
  A flying skull (Volcano)
  A hell hound (Lair:6)
  A sky beast (D:8)
  An orc (D:4)
  A leopard gecko skeleton (D:8)
  3 fungi
  5 plants
13 creatures vanquished.

Grand Total: 630 creatures vanquished

Notes
Turn   | Place    | Note
-------+----------+-------------------------------------------
     0 | D:1      | poirepourri the Deep Dwarf Fighter began the quest for the
                  | Orb.
     0 | D:1      | Reached XP level 1. HP: 20/20 MP: 1/1
   216 | D:1      | Reached skill level 3 in Axes
   222 | D:1      | Reached XP level 2. HP: 21/27 MP: 2/2
   878 | D:2      | Reached skill level 4 in Axes
   878 | D:2      | Reached XP level 3. HP: 23/33 MP: 3/3
  1096 | D:2      | Found an iron altar of Okawaru.
  1099 | D:2      | Reached skill level 5 in Axes
  1099 | D:2      | Reached XP level 4. HP: 40/40 MP: 4/4
  1411 | D:2      | Found a hazy altar of Hepliaklqana.
  1574 | D:3      | Reached XP level 5. HP: 39/46 MP: 5/5
  1608 | D:3      | Reached skill level 6 in Axes
  1720 | D:3      | Reached skill level 7 in Axes
  1720 | D:3      | Reached XP level 6. HP: 33/55 MP: 3/3
  1927 | D:3      | Found a shattered altar of Ashenzari.
  2306 | D:4      | Reached skill level 8 in Axes
  2313 | D:4      | Reached XP level 7. HP: 56/61 MP: 3/3
  2518 | D:4      | Reached skill level 9 in Axes
  2549 | D:4      | Found a sparkling altar of Nemelex Xobeh.
  2710 | D:5      | Entered Level 5 of the Dungeon
  2719 | D:5      | Found a sacrificial altar of Ru.
  2929 | D:5      | Found an ancient bone altar of Kikubaaqudgha.
  3150 | D:5      | Reached skill level 10 in Axes
  3309 | D:6      | Reached XP level 8. HP: 49/68 MP: 3/3
  3327 | D:6      | Found a white marble altar of Elyvilon.
  3327 | D:6      | Noticed an angel
  3343 | D:6      | Found a runed door.
  3571 | D:6      | Got a transparent ring mail
  3582 | D:6      | Identified the +3 ring mail of the Devil's Team {rF- Int+6}
                  | (You found it on level 6 of the Dungeon)
  3647 | D:6      | Reached skill level 11 in Axes
  3742 | D:7      | Found a staircase to the Ecumenical Temple.
  3758 | Temple   | Entered the Ecumenical Temple
  3974 | Temple   | Became a worshipper of Makhleb the Destroyer
  4177 | D:7      | Reached skill level 12 in Axes
  4203 | D:7      | Found a basalt altar of Yredelemnul.
  4283 | D:7      | Gained mutation: You passively map the area around you.
                  | [Deep Dwarf growth]
  4283 | D:7      | Reached XP level 9. HP: 49/74 MP: 3/3
  4626 | D:7      | Found a snail-covered altar of Cheibriados.
  4752 | D:7      | Identified a scroll of acquirement
  4914 | D:8      | Found a white marble altar of Elyvilon.
  4923 | D:8      | Reached skill level 13 in Axes
  4950 | D:8      | Found a bloodstained altar of Trog.
  5022 | D:8      | Reached * piety under Makhleb
  5169 | D:8      | Reached skill level 14 in Axes
  5198 | D:8      | Found a shattered altar of Ashenzari.
  5844 | D:9      | Reached skill level 15 in Axes
  5844 | D:9      | Reached XP level 10. HP: 59/81 MP: 3/3
  5929 | D:9      | Reached ** piety under Makhleb
  6021 | D:9      | Noticed a two-headed ogre
  6031 | D:9      | Killed a two-headed ogre
  6031 | D:9      | Reached skill level 16 in Axes
  6170 | D:9      | Noticed a two-headed ogre
  6178 | D:9      | Killed a two-headed ogre
  6378 | D:10     | Entered Level 10 of the Dungeon
  6535 | D:10     | Noticed a two-headed ogre
  6542 | D:10     | Killed a two-headed ogre
  6542 | D:10     | Reached skill level 17 in Axes
  6633 | D:10     | Reached *** piety under Makhleb
  6691 | D:10     | Reached XP level 11. HP: 86/88 MP: 0/4
  7280 | D:10     | Killed an unseen horror
  7399 | D:10     | Found a staircase to the Lair.
  7588 | D:11     | Reached **** piety under Makhleb
  7588 | D:11     | Reached skill level 18 in Axes
  7640 | D:11     | Found a staircase to the Orcish Mines.
  7671 | D:11     | Noticed a white ugly thing
  7680 | D:11     | Killed a white ugly thing
  7763 | D:11     | Found a shimmering altar of Xom.
  7826 | D:11     | Found a labyrinth entrance.
  7853 | D:11     | Noticed a two-headed ogre
  7895 | D:11     | Reached skill level 5 in Fighting
  7901 | D:11     | Killed a two-headed ogre
  7922 | D:11     | Reached ***** piety under Makhleb
  8371 | D:12     | Reached XP level 12. HP: 75/110 MP: 0/4
  8461 | D:12     | Found Seownesch's Gadget Shop.
  8478 | D:12     | Bought a phantom mirror for 360 gold pieces
  8478 | D:12     | Bought a wand of acid (11) for 360 gold pieces
  8656 | D:12     | Noticed a centaur warrior
  8667 | D:12     | Killed a centaur warrior
  8675 | D:12     | Noticed a six-headed hydra
  8814 | Lair:1   | Entered Level 1 of the Lair of Beasts
  8826 | Lair:1   | Reached skill level 10 in Fighting
  8861 | Lair:1   | Noticed Gastronok
  8876 | Lair:1   | Killed Gastronok
  8937 | Lair:1   | Noticed an eight-headed hydra
  8950 | Lair:1   | Killed an eight-headed hydra
  9146 | Lair:1   | Noticed a seven-headed hydra
  9154 | Lair:1   | Killed an eight-headed hydra
  9198 | Lair:1   | Reached ****** piety under Makhleb
  9631 | Lair:2   | Reached XP level 13. HP: 63/129 MP: 0/3
  9711 | Lair:2   | Reached skill level 5 in Shields
  9901 | Lair:2   | Found a runed gate.
  9901 | Lair:2   | Found a runed gate.
  9901 | Lair:2   | Found a runed gate.
  9903 | Lair:2   | Noticed dvd's ghost (novice TeAE)
  9923 | Lair:2   | Killed dvd's ghost
 11236 | Lair:4   | Reached skill level 10 in Shields
 11497 | Lair:4   | Found a staircase to the Shoals.
 11737 | Lair:4   | Found a hole to the Spider Nest.
 12047 | Lair:5   | Gained mutation: You resist negative energy. (rN+) [Deep
                  | Dwarf growth]
 12047 | Lair:5   | Reached XP level 14. HP: 107/138 MP: 0/4
 12246 | Lair:5   | Found a dark tunnel.
 12318 | Volcano  | Entered a volcano
 12580 | Lair:5   | Identified a +1 pair of boots of running (You found it in a
                  | volcano)
 12720 | Lair:5   | Found a staircase to the Slime Pits.
 12720 | Lair:5   | Found a viscous altar of Jiyva.
 13065 | Lair:6   | Entered Level 6 of the Lair of Beasts
 13433 | Lair:6   | Reached skill level 15 in Shields
 13784 | Lair:6   | HP: 2/138 [komodo dragon (7)]
 13795 | Lair:6   | Reached skill level 1 in Evocations
 13825 | Lair:6   | Found a large runed door.
 13825 | Lair:6   | Found a large runed door.
 13867 | Lair:6   | Killed from afar by a fire dragon

Skill      XL: |  1  2  3  4  5  6  7  8  9 10 11 12 13 14 |
---------------+-------------------------------------------+-----
Axes           | 3 4 5 7 8 10 12 15 17 18 | 18.0
Fighting       | 8 12 | 12.1
Shields        | 4 12 15 | 15.5
Evocations     | 3 |  3.1
Armour         | |  3.2

Action                   |  1- 3 |  4- 6 |  7- 9 | 10-12 | 13-15 || total
-------------------------+-------+-------+-------+-------+-------++-------
Melee: War axe           |    85 |   202 |   496 |   622 |   617 ||  2022
 Abil: Heal Wounds       |     1 |    10 |    15 |    18 |    16 ||    60
Evoke: Wand              |       |     1 |       |     8 |    31 ||    40
  Use: Scroll            |     5 |     4 |    10 |    15 |    10 ||    44
       Potion            |       |     1 |     2 |     2 |     6 ||    11
 Stab: Paralysed         |       |       |     1 |       |       ||     1
       Sleeping          |       |       |     4 |       |       ||     4
  Eat: Ration            |     1 |     1 |     4 |     4 |     2 ||    12
       Chunk             |       |     1 |       |     7 |     3 ||    11
Armor: Scale mail        |    40 |    74 |    44 |       |       ||   158
       Ring mail         |       |       |    81 |   237 |   136 ||   454
       Skin              |       |       |    33 |       |       ||    33
Dodge: Dodged            |    29 |    52 |    88 |   175 |   156 ||   500
       Deflected         |       |       |     2 |     5 |     4 ||    11
Block: Shield            |    53 |   109 |   213 |   288 |   360 ||  1023
